PAAA
CALGARY LYNX @ PURE MICHIGAN GREAT LAKERS
09/16/2026
 
TOP OF THE 1ST
Calgary Lynx batting - Pitching for Pure Michigan Great Lakers : RHP Donald Gregory
Pitching: RHP Donald Gregory
Batting: RHB Logan Namajunas 0-0: Called Strike
0-1: Ball
1-1: Swinging Strike
1-2: Strikes out looking
Batting: RHB Miguel Rosales 0-0: Ball
1-0: Called Strike
1-1: SINGLE (Groundball, 6MD)
Batting: RHB Frank Grimes 0-0: Foul Ball, location: 2F
0-1: Swinging Strike
0-2: Foul Ball, location: 2F
0-2: Ball
1-2: Foul Ball, location: 2F
1-2: Strikes out swinging
Miguel Rosales steals 2nd base
Batter strikes out.
Batting: RHB Jesús Martínez 0-0: Ball
1-0: Foul Ball, location: 2F
1-1: Ball
2-1: Fly out, F5 (Popup, 5L)
Top of the 1st over - 0 run(s), 1 hit(s), 0 error(s), 1 left on base; Calgary 0 - Pure Michigan 0
BOTTOM OF THE 1ST
Pure Michigan Great Lakers batting - Pitching for Calgary Lynx : RHP Dave Goode
Pitching: RHP Dave Goode
Batting: LHB Sisto Pagnamenta 0-0: Ball
1-0: Foul Ball, location: 2F
1-1: Ground out 1-3 (Groundball, 13S)
Batting: RHB Ulbert Sutkamp 0-0: Swinging Strike
0-1: Foul Ball, location: 2F
0-2: Ground out 4-3 (Groundball, 4)
Batting: LHB Tim Waters 0-0: Ball
1-0: Ball
2-0: Foul Ball, location: 2F
2-1: Ball
3-1: Fly out, F7 (Flyball, 7)
Bottom of the 1st over - 0 run(s), 0 hit(s), 0 error(s), 0 left on base; Calgary 0 - Pure Michigan 0
TOP OF THE 2ND
Calgary Lynx batting - Pitching for Pure Michigan Great Lakers : RHP Donald Gregory
Batting: RHB Pau Arria 0-0: Ball
1-0: Called Strike
1-1: Swinging Strike
1-2: Hit by Pitch
Batting: RHB José Carlos Ramos 0-0: SINGLE (Line Drive, 9S)
Pau Arria to second
Batting: LHB Ángel López 0-0: Fly out, F9 (Flyball, 89M)
Batting: RHB Iván Pérez 0-0: Called Strike
0-1: Fly out, F8 (Flyball, 8RD)
Runner from 2nd tags up, SAFE at 3rd, no throw
Batting: RHB Bass Reeves 0-0: Called Strike
0-1: Fly out, F8 (Flyball, 8LM)
Top of the 2nd over - 0 run(s), 1 hit(s), 0 error(s), 2 left on base; Calgary 0 - Pure Michigan 0
BOTTOM OF THE 2ND
Pure Michigan Great Lakers batting - Pitching for Calgary Lynx : RHP Dave Goode
Batting: LHB Mike Silver 0-0: Ball
1-0: Called Strike
1-1: Ground out 6-3 (Groundball, 6)
Batting: RHB Ron Ward 0-0: Called Strike
0-1: Ball
1-1: Ball
2-1: Foul Ball, location: 2F
2-2: SINGLE (Groundball, 4MD)
Batting: LHB Eric Thackston 0-0: Swinging Strike
0-1: Ball
1-1: Fly out, F9 (Line Drive, 9D)
Batting: SHB Mike Barton 0-0: Ball
1-0: Ball
2-0: Called Strike
2-1: Ball
3-1: Base on Balls
Ron Ward to second
Batting: LHB António Boccanegra 0-0: Ball
1-0: Ball
2-0: Called Strike
2-1: Ball
3-1: Base on Balls
Ron Ward to third
Mike Barton to second
Batting: SHB Bernard Gauthier 0-0: Ball
1-0: Swinging Strike
1-1: Ball
2-1: Fielders Choice at 2nd, 4-6 (Groundball, 4)
Bottom of the 2nd over - 0 run(s), 1 hit(s), 0 error(s), 2 left on base; Calgary 0 - Pure Michigan 0
TOP OF THE 3RD
Calgary Lynx batting - Pitching for Pure Michigan Great Lakers : RHP Donald Gregory
Batting: RHB Logan Namajunas 0-0: Ball
1-0: Ball
2-0: Ball
3-0: Fly out, F8 (Flyball, 89S)
Batting: RHB Miguel Rosales 0-0: Called Strike
0-1: Fly out, F9 (Flyball, 9)
Batting: RHB Frank Grimes 0-0: Fly out, F9 (Line Drive, 9)
Top of the 3rd over - 0 run(s), 0 hit(s), 0 error(s), 0 left on base; Calgary 0 - Pure Michigan 0
BOTTOM OF THE 3RD
Pure Michigan Great Lakers batting - Pitching for Calgary Lynx : RHP Dave Goode
Batting: LHB Sisto Pagnamenta 0-0: Called Strike
0-1: SINGLE (Groundball, 3D)
Batting: RHB Ulbert Sutkamp 0-0: Foul Ball, location: 2F
0-1: Grounds into double play, 6-4-3 (Groundball, 6)
Batting: LHB Tim Waters 0-0: Foul Ball, location: 2F
0-1: Foul Ball, location: 2F
0-2: Ground out 4-3 (Groundball, 34)
Bottom of the 3rd over - 0 run(s), 1 hit(s), 0 error(s), 0 left on base; Calgary 0 - Pure Michigan 0
TOP OF THE 4TH
Calgary Lynx batting - Pitching for Pure Michigan Great Lakers : RHP Donald Gregory
Batting: RHB Jesús Martínez 0-0: DOUBLE (Line Drive, 89D)
Batting: RHB Pau Arria 0-0: SINGLE (Line Drive, 56D)
Jesús Martínez to third
Batting: RHB José Carlos Ramos 0-0: SINGLE (Groundball, 6MD)
Jesús Martínez scores
Pau Arria to second
Runner from 2nd tries for 3rd, SAFE, throw made to third
Batting: LHB Ángel López 0-0: SINGLE (Groundball, 4MD)
Pau Arria scores
José Carlos Ramos to second
Batting: RHB Iván Pérez 0-0: Ball
1-0: Ball
2-0: DOUBLE (Line Drive, 89D)
José Carlos Ramos scores
Ángel López to third
Batting: RHB Bass Reeves 0-0: Ground out 6-3 (Groundball, 6)
Ángel López scores
Batting: RHB Logan Namajunas 0-0: Ball
1-0: Foul Ball, location: 2F
1-1: Ball
2-1: Ball
3-1: Called Strike
3-2: Fly out, F8 (Line Drive, 8RM)
Batting: RHB Miguel Rosales 0-0: Called Strike
0-1: Foul Ball, location: 2F
0-2: Ground out U3 (Groundball, 34)
Top of the 4th over - 4 run(s), 5 hit(s), 0 error(s), 1 left on base; Calgary 4 - Pure Michigan 0
BOTTOM OF THE 4TH
Pure Michigan Great Lakers batting - Pitching for Calgary Lynx : RHP Dave Goode
Batting: LHB Mike Silver 0-0: Called Strike
0-1: Foul Ball, location: 2F
0-2: SINGLE (Groundball, 56) (infield hit)
Batting: RHB Ron Ward 0-0: Called Strike
0-1: Swinging Strike
0-2: Ball
1-2: Strikes out looking
Batting: LHB Eric Thackston 0-0: Ball
Mike Silver steals 2nd base
1-0: Swinging Strike
1-1: Ball
2-1: Ball
3-1: Base on Balls
Batting: SHB Mike Barton 0-0: Ball
1-0: Foul Ball, location: 2F
1-1: Ball
2-1: Ball
3-1: Base on Balls
Mike Silver to third
Eric Thackston to second
Batting: LHB António Boccanegra 0-0: Called Strike
0-1: Ball
1-1: Ball
2-1: Fly out, F5 (Popup, 56D)
Batting: SHB Bernard Gauthier 0-0: Called Strike
0-1: Ball
1-1: Ball
2-1: Ball
3-1: Foul Ball, location: 2F
3-2: Fly out, F7 (Flyball, 7S)
Bottom of the 4th over - 0 run(s), 1 hit(s), 0 error(s), 3 left on base; Calgary 4 - Pure Michigan 0
TOP OF THE 5TH
Calgary Lynx batting - Pitching for Pure Michigan Great Lakers : RHP Donald Gregory
Batting: RHB Frank Grimes 0-0: DOUBLE (Line Drive, 78D)
Batting: RHB Jesús Martínez 0-0: Intentional Walk
Batting: RHB Pau Arria 0-0: Ball
1-0: Fly out, F7 (Flyball, 7)
Batting: RHB José Carlos Ramos 0-0: Ball
1-0: Foul Ball, location: 2F
1-1: Foul Ball, location: 2F
1-2: Ball
2-2: Ball
3-2: Base on Balls
Frank Grimes to third
Jesús Martínez to second
Batting: LHB Ángel López 0-0: Called Strike
0-1: Ball
1-1: Ball
2-1: Foul Ball, location: 2F
2-2: Ball
3-2: Foul Ball, location: 2F
3-2: SINGLE (Groundball, 2L) (infield hit)
Frank Grimes scores
Jesús Martínez to third
José Carlos Ramos to second
Pitching: RHP Gary Jones
Batting: RHB Iván Pérez 0-0: Called Strike
0-1: Called Strike
0-2: Ball
1-2: Ball
2-2: Ball
3-2: Foul Ball, location: 2F
3-2: Fly out, F8 (Flyball, 8LS)
Batting: RHB Bass Reeves 0-0: Called Strike
0-1: Swinging Strike
0-2: Strikes out swinging
Top of the 5th over - 1 run(s), 2 hit(s), 0 error(s), 3 left on base; Calgary 5 - Pure Michigan 0
BOTTOM OF THE 5TH
Pure Michigan Great Lakers batting - Pitching for Calgary Lynx : RHP Dave Goode
Batting: LHB Sisto Pagnamenta 0-0: Ball
1-0: Ball
2-0: Ball
3-0: Called Strike
3-1: Base on Balls
Batting: RHB Ulbert Sutkamp 0-0: Ball
1-0: Ball
2-0: Ball
3-0: Foul Ball, location: 2F
3-1: Reaches on Catchers interference
Sisto Pagnamenta to second
Batting: LHB Tim Waters 0-0: Ball
1-0: Ball
2-0: Called Strike
2-1: Ball
3-1: Base on Balls
Sisto Pagnamenta to third
Ulbert Sutkamp to second
Batting: LHB Mike Silver 0-0: Swinging Strike
0-1: Ball
1-1: Foul Ball, location: 2F
1-2: Foul Ball, location: 2F
1-2: Foul Ball, location: 2F
1-2: Foul Ball, location: 2F
1-2: Ball
2-2: Foul Ball, location: 2F
2-2: DOUBLE (Line Drive, 78M)
Sisto Pagnamenta scores
Ulbert Sutkamp scores
Tim Waters to third
Runner from 3rd tries for Home, SAFE, no throw
Batting: RHB Ron Ward 0-0: Ball
1-0: Foul Ball, location: 2F
1-1: Foul Ball, location: 2F
1-2: SINGLE (Flyball, 8LS)
Mike Silver to third
Batting: LHB Eric Thackston 0-0: Ball
1-0: Ball
2-0: Ball
3-0: Called Strike
3-1: Called Strike
3-2: Base on Balls
Ron Ward to second
Pitching: RHP Oriol Razo
Batting: SHB Mike Barton 0-0: Ball
1-0: Foul Ball, location: 2F
1-1: Hit by Pitch
Mike Silver scores
Ron Ward to third
Eric Thackston to second
Batting: LHB António Boccanegra 0-0: Ball
1-0: Ball
2-0: Called Strike
2-1: Ball
3-1: Base on Balls
Ron Ward scores
Eric Thackston to third
Mike Barton to second
Batting: SHB Bernard Gauthier 0-0: Called Strike
0-1: Grounds into fielders choice 3-2 (Groundball, 34S)
Mike Barton to third
António Boccanegra to second
Batting: LHB Sisto Pagnamenta 0-0: Ball
1-0: Ball
2-0: Ball
3-0: Base on Balls
Mike Barton scores
António Boccanegra to third
Bernard Gauthier to second
Batting: RHB Ulbert Sutkamp 0-0: Ball
1-0: Called Strike
1-1: Ball
2-1: Fly out, F9 (Flyball, 89S)
Runner from 3rd tags up, SCORES, no throw
Batting: LHB Tim Waters 0-0: Ball
1-0: Fielders Choice at 2nd, 6-4 (Groundball, 6)
Bottom of the 5th over - 7 run(s), 2 hit(s), 1 error(s), 1 left on base; Calgary 5 - Pure Michigan 7
TOP OF THE 6TH
Calgary Lynx batting - Pitching for Pure Michigan Great Lakers : RHP Gary Jones
Batting: RHB Logan Namajunas 0-0: Foul Ball, location: 2F
0-1: Foul Ball, location: 2F
0-2: Fly out, F9 (Flyball, 9LMF)
Now in RF: Kap-yong Chong
Batting: RHB Miguel Rosales 0-0: Called Strike
0-1: Foul Ball, location: 2F
0-2: Ball
1-2: Fly out, F8 (Flyball, 8RD)
Batting: RHB Frank Grimes 0-0: Called Strike
0-1: Single, Error in OF, E9, batter to second base
Batting: RHB Jesús Martínez 0-0: Ball
1-0: Ball
2-0: Ball
3-0: Base on Balls
Batting: RHB Pau Arria 0-0: Called Strike
0-1: Swinging Strike
0-2: SINGLE (Line Drive, 7S)
Frank Grimes to third
Jesús Martínez to second
Runner from 3rd tries for Home, SAFE, no throw
Batting: RHB José Carlos Ramos 0-0: Ball
1-0: Called Strike
1-1: Foul Ball, location: 2F
1-2: SINGLE (Groundball, 56D)
Jesús Martínez to third
Pau Arria to second
Runner from 3rd tries for Home, SAFE, no throw
Batting: LHB Ángel López 0-0: Foul Ball, location: 2F
0-1: SINGLE (Flyball, 8RS)
Pau Arria to third
José Carlos Ramos to second
Runner from 3rd tries for Home, SAFE, throw made at trailing runner, OUT at third!
Top of the 6th over - 3 run(s), 4 hit(s), 1 error(s), 1 left on base; Calgary 8 - Pure Michigan 7
BOTTOM OF THE 6TH
Pure Michigan Great Lakers batting - Pitching for Calgary Lynx : RHP Oriol Razo
Batting: LHB Mike Silver 0-0: Ball
1-0: Ball
2-0: Called Strike
2-1: Ball
3-1: Base on Balls
Batting: RHB Ron Ward 0-0: Ball
1-0: Swinging Strike
1-1: Ball
2-1: Ball
3-1: Foul Ball, location: 2F
3-2: Base on Balls
Mike Silver to second
Batting: RHB Kap-yong Chong 0-0: Ball
1-0: Ball
2-0: Fielders Choice at 2nd, 3-6 (Groundball, 3)
Mike Silver to third
Batting: SHB Mike Barton 0-0: Foul Ball, location: 2F
0-1: SINGLE (Line Drive, 78S)
Mike Silver scores
Kap-yong Chong to second
Pitching: LHP Adrian Neumann
Batting: LHB António Boccanegra 0-0: Ball
1-0: Called Strike
1-1: Ball
2-1: DOUBLE (Groundball, 3L)
Kap-yong Chong scores
Mike Barton to third
Batting: SHB Bernard Gauthier 0-0: Called Strike
0-1: Ball
1-1: Called Strike
1-2: Strikes out swinging
Batting: LHB Sisto Pagnamenta 0-0: Swinging Strike
0-1: Called Strike
0-2: Strikes out swinging
Bottom of the 6th over - 2 run(s), 2 hit(s), 0 error(s), 2 left on base; Calgary 8 - Pure Michigan 9
TOP OF THE 7TH
Calgary Lynx batting - Pitching for Pure Michigan Great Lakers : RHP Gary Jones
Pitching: RHP Jim Unknown
Batting: RHB Iván Pérez 0-0: Ball
1-0: Ground out 4-3 (Groundball, 4)
Batting: RHB Bass Reeves 0-0: Ball
1-0: Called Strike
1-1: Swinging Strike
1-2: Foul Ball, location: 2F
1-2: Strikes out looking
Batting: RHB Logan Namajunas 0-0: Called Strike
0-1: Swinging Strike
0-2: Ball
1-2: Ball
2-2: Ball
3-2: Ground out 5-3 (Groundball, 56)
Top of the 7th over - 0 run(s), 0 hit(s), 0 error(s), 0 left on base; Calgary 8 - Pure Michigan 9
BOTTOM OF THE 7TH
Pure Michigan Great Lakers batting - Pitching for Calgary Lynx : LHP Adrian Neumann
Batting: RHB Ulbert Sutkamp 0-0: Ground out 5-3 (Groundball, 56S)
Batting: LHB Tim Waters 0-0: Ball
1-0: Ground out 5-3 (Groundball, 5)
Batting: LHB Mike Silver 0-0: Called Strike
0-1: SINGLE (Line Drive, 89S)
Batting: RHB Ron Ward 0-0: Ball
1-0: Ball
2-0: 2-RUN HOME RUN (Line Drive, 7D), Distance : 393 ft
Batting: RHB Kap-yong Chong 0-0: Ball
1-0: Ground out 5-3 (Groundball, 56S)
Bottom of the 7th over - 2 run(s), 2 hit(s), 0 error(s), 0 left on base; Calgary 8 - Pure Michigan 11
TOP OF THE 8TH
Calgary Lynx batting - Pitching for Pure Michigan Great Lakers : RHP Jim Unknown
Batting: RHB Miguel Rosales 0-0: Ball
1-0: Called Strike
1-1: Ball
2-1: Ball
3-1: Fly out, F7 (Flyball, 7LM)
Batting: RHB Frank Grimes 0-0: SINGLE (Groundball, 6MD)
Pitching: RHP Lorenzo Tamargo
Batting: RHB Jesús Martínez 0-0: Ground out 5-3 (Groundball, 5S)
Frank Grimes to second
Batting: RHB Pau Arria 0-0: Ball
1-0: Ball
2-0: Called Strike
2-1: Foul Ball, location: 2F
2-2: Ground out U3 (Groundball, 34)
Top of the 8th over - 0 run(s), 1 hit(s), 0 error(s), 1 left on base; Calgary 8 - Pure Michigan 11
BOTTOM OF THE 8TH
Pure Michigan Great Lakers batting - Pitching for Calgary Lynx : LHP Adrian Neumann
Batting: SHB Mike Barton 0-0: Ball
1-0: Ball
2-0: SINGLE (Line Drive, 34)
Batting: LHB António Boccanegra 0-0: Ball
1-0: Sac Bunt - play at second, runner safe!
Batting: SHB Bernard Gauthier 0-0: Bunted foul
0-1: Sac Bunt - play at first, batter OUT! 1-4
Mike Barton to third
António Boccanegra to second
Batting: LHB Sisto Pagnamenta 0-0: Called Strike
0-1: Called Strike
0-2: Strikes out swinging
Batting: RHB Ulbert Sutkamp 0-0: Foul Ball, location: 2F
0-1: Ball
1-1: Ball
2-1: Ball
3-1: Foul Ball, location: 2F
3-2: Base on Balls
Batting: LHB Tim Waters 0-0: Ball
1-0: Called Strike
1-1: Ball
2-1: Foul Ball, location: 2F
2-2: Foul Ball, location: 2F
2-2: Fly out, F8 (Flyball, 8RM)
Bottom of the 8th over - 0 run(s), 1 hit(s), 0 error(s), 3 left on base; Calgary 8 - Pure Michigan 11
TOP OF THE 9TH
Calgary Lynx batting - Pitching for Pure Michigan Great Lakers : RHP Lorenzo Tamargo
Pitching: LHP Jim Unknown
Batting: RHB José Carlos Ramos 0-0: Called Strike
0-1: Foul Ball, location: 2F
0-2: Foul Ball, location: 2F
0-2: Foul Ball, location: 2F
0-2: Strikes out swinging
Batting: LHB Ángel López 0-0: Ball
1-0: Foul Ball, location: 2F
1-1: Foul Ball, location: 2F
1-2: Strikes out looking
Batting: RHB Iván Pérez 0-0: Ball
1-0: Foul Ball, location: 2F
1-1: Ball
2-1: Swinging Strike
2-2: Strikes out swinging
Top of the 9th over - 0 run(s), 0 hit(s), 0 error(s), 0 left on base; Calgary 8 - Pure Michigan 11
Monday, March 20th, 2017 - OOTP Baseball 17.12 Build 75